| TOP OF THE 1ST |
|
Kansas City Royals batting - Pitching for Chicago Cubs : RHP Randy Budgell
|
|
Pitching: RHP Randy Budgell
|
|
|
Batting: SHB Jose Pacheco
|
0-0: Called Strike 0-1: Ground out U3 (Groundball, 23, EV 88.1 MPH)
|
|
Batting: RHB Matt Belgard
|
0-0: Called Strike 0-1: Ball 1-1: Fly out, F7 (Flyball, 7, EV 89.4 MPH)
|
|
Batting: LHB Mike Meyerhoff
|
0-0: Fly out, F9 (Flyball, 9, EV 84.4 MPH)
|
| Top of the 1st over - 0 runs, 0 hits, 0 errors, 0 left on base; Kansas City 0 - Chicago 0 |
| BOTTOM OF THE 1ST |
|
Chicago Cubs batting - Pitching for Kansas City Royals : LHP John Brooks
|
|
Pitching: LHP John Brooks
|
|
|
Batting: RHB Yasuhide Kasahara
|
0-0: Ball 1-0: Ball 2-0: Swinging Strike 2-1: Foul Ball, location: 2F 2-2: Strikes out looking
|
|
Batting: RHB Steve Bartman Jr.
|
0-0: Ball 1-0: Foul Ball, location: 2F 1-1: Called Strike 1-2: Ground out 5-3 (Groundball, 56, EV 90.0 MPH)
|
|
Batting: RHB Efrain Vargas
|
0-0: Ball 1-0: Foul Ball, location: 2F 1-1: Foul Ball, location: 2F 1-2: Ball 2-2: Ball 3-2: Base on Balls
|
|
Batting: RHB Heef Harted
|
0-0: Fielders Choice at 2nd, 6-4 (Groundball, 6, EV 83.8 MPH)
|
| Bottom of the 1st over - 0 runs, 0 hits, 0 errors, 1 left on base; Kansas City 0 - Chicago 0 |
| TOP OF THE 2ND |
|
Kansas City Royals batting - Pitching for Chicago Cubs : RHP Randy Budgell
|
|
Batting: RHB Mike Jaquez
|
0-0: SINGLE (Line Drive, 4D, EV 108.1 MPH)
|
|
Batting: LHB Roman Downey
|
0-0: Ball 1-0: Swinging Strike 1-1: Swinging Strike 1-2: Strikes out swinging
|
|
Batting: SHB Gil Switzer
|
0-0: Ball 1-0: Fly out, F7 (Flyball, 78XD, EV 104.4 MPH)
|
|
Batting: LHB Pete Hansel
|
0-0: Called Strike 0-1: Swinging Strike 0-2: Foul Ball, location: 2F 0-2: Strikes out swinging, 2-3 out at first.
|
| Top of the 2nd over - 0 runs, 1 hit, 0 errors, 1 left on base; Kansas City 0 - Chicago 0 |
| BOTTOM OF THE 2ND |
|
Chicago Cubs batting - Pitching for Kansas City Royals : LHP John Brooks
|
|
Batting: SHB Moe Lester
|
0-0: Ball 1-0: Ball 2-0: Called Strike 2-1: Ball 3-1: Base on Balls
|
|
Batting: RHB Alan Oxenrider
|
0-0: Called Strike 0-1: Ball 1-1: SINGLE (Groundball, 4MD, EV 95.0 MPH) Moe Lester to second Runner from 2nd tries for 3rd, SAFE, throw by CF made to third
|
|
Batting: SHB Tim Hone
|
0-0: Ball 1-0: Foul Ball, location: 2F 1-1: Ball 2-1: Swinging Strike 2-2: Grounds into double play, 4-6-3 (Groundball, 34, EV 85.0 MPH) Moe Lester scores
|
|
Batting: RHB Kanehisa Kubo
|
0-0: Called Strike 0-1: Ball 1-1: Ball 2-1: Called Strike 2-2: Foul Ball, location: 2F 2-2: Ball 3-2: Base on Balls
|
|
Batting: LHB Kevin Norton
|
0-0: Called Strike 0-1: Called Strike 0-2: Strikes out swinging
|
| Bottom of the 2nd over - 1 run, 1 hit, 0 errors, 1 left on base; Kansas City 0 - Chicago 1 |
| TOP OF THE 3RD |
|
Kansas City Royals batting - Pitching for Chicago Cubs : RHP Randy Budgell
|
|
Batting: RHB Mikolas Markus
|
0-0: Ball 1-0: Called Strike 1-1: Swinging Strike 1-2: Foul Ball, location: 2F 1-2: Ball 2-2: Ground out 5-3 (Groundball, 56, EV 90.6 MPH)
|
|
Batting: LHB Manny Estrada
|
0-0: Ground out U3 (Groundball, 3, EV 99.4 MPH)
|
|
Batting: SHB Jose Pacheco
|
0-0: Fly out, F8 (Flyball, 8LXD, EV 89.4 MPH)
|
| Top of the 3rd over - 0 runs, 0 hits, 0 errors, 0 left on base; Kansas City 0 - Chicago 1 |
| BOTTOM OF THE 3RD |
|
Chicago Cubs batting - Pitching for Kansas City Royals : LHP John Brooks
|
|
Batting: RHB Yasuhide Kasahara
|
0-0: Called Strike 0-1: Fly out, F8 (Flyball, 89S, EV 95.6 MPH)
|
|
Batting: RHB Steve Bartman Jr.
|
0-0: Ball 1-0: Ball 2-0: Ball 3-0: Base on Balls
|
|
Batting: RHB Efrain Vargas
|
0-0: Ball 1-0: Ball 2-0: Foul Ball, location: 2F 2-1: DOUBLE (Flyball, 89XD, EV 100.0 MPH) Steve Bartman Jr. to third Runner from 3rd tries for Home, throw by CF and OUT! 8-4-2
|
|
Batting: RHB Heef Harted
|
0-0: Ball 1-0: Foul Ball, location: 2F 1-1: Ground out 4-3 (Groundball, 4, EV 85.6 MPH)
|
| Bottom of the 3rd over - 0 runs, 1 hit, 0 errors, 1 left on base; Kansas City 0 - Chicago 1 |
| TOP OF THE 4TH |
|
Kansas City Royals batting - Pitching for Chicago Cubs : RHP Randy Budgell
|
|
Batting: RHB Matt Belgard
|
0-0: Ball 1-0: Ball 2-0: Ball 3-0: Base on Balls
|
|
Batting: LHB Mike Meyerhoff
|
0-0: Ball 1-0: Foul Ball, location: 2F 1-1: Ball 2-1: Called Strike 2-2: Ball 3-2: Foul Ball, location: 2F 3-2: SINGLE (Groundball, 4, EV 96.2 MPH) Matt Belgard to second Runner from 2nd tries for 3rd, SAFE, no throw by CF
|
|
Batting: RHB Mike Jaquez
|
0-0: Ball 1-0: Ball 2-0: Fly out, F9 (Flyball, 9S, EV 82.5 MPH)
|
|
Batting: LHB Roman Downey
|
0-0: Ball 1-0: Fly out, F6 (Popup, 4, EV 58.1 MPH)
|
|
Batting: SHB Gil Switzer
|
0-0: Ball 1-0: Called Strike 1-1: Ball 2-1: Foul Ball, location: 2F 2-2: Ball 3-2: Strikes out swinging
|
| Top of the 4th over - 0 runs, 1 hit, 0 errors, 2 left on base; Kansas City 0 - Chicago 1 |
| BOTTOM OF THE 4TH |
|
Chicago Cubs batting - Pitching for Kansas City Royals : LHP John Brooks
|
|
Batting: SHB Moe Lester
|
0-0: Ball 1-0: Fly out, F9 (Flyball, 9D, EV 98.1 MPH)
|
|
Batting: RHB Alan Oxenrider
|
0-0: Fly out, F2 (Popup, 23F, EV 88.8 MPH)
|
|
Batting: SHB Tim Hone
|
0-0: Called Strike 0-1: Ball 1-1: Swinging Strike 1-2: Foul Ball, location: 2F 1-2: Ball 2-2: Strikes out swinging
|
| Bottom of the 4th over - 0 runs, 0 hits, 0 errors, 0 left on base; Kansas City 0 - Chicago 1 |
| TOP OF THE 5TH |
|
Kansas City Royals batting - Pitching for Chicago Cubs : RHP Randy Budgell
|
|
Batting: LHB Pete Hansel
|
0-0: Swinging Strike 0-1: Called Strike 0-2: Ball 1-2: Ball 2-2: Strikes out swinging
|
|
Batting: RHB Mikolas Markus
|
0-0: Ball 1-0: Ball 2-0: Ball 3-0: Foul Ball, location: 2F 3-1: Base on Balls
|
|
Batting: LHB Manny Estrada
|
0-0: Called Strike 0-1: Ground out 6-3 (Groundball, 4, EV 108.1 MPH) Mikolas Markus to second
|
|
Batting: SHB Jose Pacheco
|
0-0: Called Strike 0-1: Called Strike 0-2: Ball 1-2: Strikes out looking
|
| Top of the 5th over - 0 runs, 0 hits, 0 errors, 1 left on base; Kansas City 0 - Chicago 1 |
| BOTTOM OF THE 5TH |
|
Chicago Cubs batting - Pitching for Kansas City Royals : LHP John Brooks
|
|
Batting: RHB Kanehisa Kubo
|
0-0: Ball 1-0: Bunt - Flyout to 13! F1
|
|
Batting: LHB Kevin Norton
|
0-0: Foul Ball, location: 2F 0-1: Swinging Strike 0-2: Ground out 4-3 (Groundball, 4, EV 89.4 MPH)
|
|
Batting: RHB Yasuhide Kasahara
|
0-0: Swinging Strike 0-1: Ball 1-1: Foul Ball, location: 2F 1-2: Fly out, F8 (Flyball, 8LD, EV 93.1 MPH)
|
| Bottom of the 5th over - 0 runs, 0 hits, 0 errors, 0 left on base; Kansas City 0 - Chicago 1 |
| TOP OF THE 6TH |
|
Kansas City Royals batting - Pitching for Chicago Cubs : RHP Randy Budgell
|
|
Batting: RHB Matt Belgard
|
0-0: Ball 1-0: Ball 2-0: Fly out, F8 (Flyball, 8LXD, EV 90.6 MPH)
|
|
Batting: LHB Mike Meyerhoff
|
0-0: Ball 1-0: Swinging Strike 1-1: Ball 2-1: Ball 3-1: Foul Ball, location: 2F 3-2: Foul Ball, location: 2F 3-2: Foul Ball, location: 2F 3-2: Base on Balls
|
|
Batting: RHB Mike Jaquez
|
0-0: Swinging Strike 0-1: Ball 1-1: Swinging Strike 1-2: Strikes out swinging
|
|
Batting: LHB Roman Downey
|
0-0: Ball 1-0: Foul Ball, location: 2F 1-1: Foul Ball, location: 2F 1-2: SINGLE (Line Drive, 7LS, EV 111.2 MPH) Mike Meyerhoff to second
|
|
Batting: SHB Gil Switzer
|
0-0: Foul Ball, location: 2F 0-1: Called Strike 0-2: Ball 1-2: DOUBLE (Line Drive, 9LM, EV 100.6 MPH) Mike Meyerhoff scores Roman Downey to third
|
|
Batting: LHB Pete Hansel
|
0-0: Intentional Walk
|
|
Batting: RHB Mikolas Markus
|
0-0: Called Strike 0-1: Ball 1-1: Foul Ball, location: 2F 1-2: Strikes out swinging
|
| Top of the 6th over - 1 run, 2 hits, 0 errors, 3 left on base; Kansas City 1 - Chicago 1 |
| BOTTOM OF THE 6TH |
|
Chicago Cubs batting - Pitching for Kansas City Royals : LHP John Brooks
|
|
Batting: RHB Steve Bartman Jr.
|
0-0: Ball 1-0: Called Strike 1-1: Ball 2-1: Foul Ball, location: 2F 2-2: SINGLE (Line Drive, 78S, EV 96.9 MPH)
|
|
Batting: RHB Efrain Vargas
|
0-0: Called Strike 0-1: Ball 1-1: Ball 2-1: Called Strike 2-2: Foul Ball, location: 2F 2-2: Strikes out swinging
|
|
Batting: RHB Heef Harted
|
0-0: Called Strike 0-1: Ball Wild Pitch! Steve Bartman Jr. to second 1-1: Ground out 5-3 (Groundball, 56, EV 90.6 MPH)
|
|
Batting: SHB Moe Lester
|
0-0: Called Strike 0-1: Foul Ball, location: 2F 0-2: Ball 1-2: Ball 2-2: Ball 3-2: Base on Balls
|
|
Batting: RHB Alan Oxenrider
|
0-0: Foul Ball, location: 2F 0-1: Fly out, F7 (Flyball, 7S, EV 90.6 MPH)
|
| Bottom of the 6th over - 0 runs, 1 hit, 0 errors, 2 left on base; Kansas City 1 - Chicago 1 |
| TOP OF THE 7TH |
|
Kansas City Royals batting - Pitching for Chicago Cubs : RHP Randy Budgell
|
|
Batting: LHB Manny Estrada
|
0-0: Foul Ball, location: 2F 0-1: Swinging Strike 0-2: Ball 1-2: Foul Ball, location: 2F 1-2: Ball 2-2: Strikes out looking
|
|
Batting: SHB Jose Pacheco
|
0-0: Ball 1-0: Foul Ball, location: 2F 1-1: Ball 2-1: Fly out, F7 (Flyball, 7LS, EV 94.4 MPH)
|
|
Batting: RHB Matt Belgard
|
0-0: Foul Ball, location: 2F 0-1: Foul Ball, location: 2F 0-2: Ball 1-2: Foul Ball, location: 2F 1-2: Ground out 6-3 (Groundball, 6MS, EV 87.5 MPH)
|
| Top of the 7th over - 0 runs, 0 hits, 0 errors, 0 left on base; Kansas City 1 - Chicago 1 |
| BOTTOM OF THE 7TH |
|
Chicago Cubs batting - Pitching for Kansas City Royals : LHP John Brooks
|
|
Batting: SHB Tim Hone
|
0-0: Called Strike 0-1: Ball 1-1: Ball 2-1: Swinging Strike 2-2: Foul Ball, location: 2F 2-2: Ball 3-2: Base on Balls
|
|
Batting: RHB Kanehisa Kubo
|
0-0: Called Strike 0-1: Ball 1-1: Ball 2-1: Foul Ball, location: 2F 2-2: Ball 3-2: Strikes out swinging
|
|
Pitching: RHP Asa Hahn
|
|
|
Batting: LHB Kevin Norton
|
0-0: Ball 1-0: Ball 2-0: Called Strike 2-1: Ball 3-1: Called Strike 3-2: Foul Ball, location: 2F 3-2: Base on Balls Tim Hone to second
|
|
Batting: RHB Yasuhide Kasahara
|
0-0: Called Strike 0-1: Swinging Strike 0-2: Fly out, F8 (Line Drive, 8RD, EV 101.2 MPH)
|
|
Batting: RHB Steve Bartman Jr.
|
0-0: Ball 1-0: Swinging Strike 1-1: Ball 2-1: DOUBLE (Line Drive, 9LM, EV 100.0 MPH) Tim Hone scores Kevin Norton to third
|
|
Batting: RHB Efrain Vargas
|
0-0: Called Strike 0-1: Ball 1-1: Called Strike 1-2: Strikes out looking
|
| Bottom of the 7th over - 1 run, 1 hit, 0 errors, 2 left on base; Kansas City 1 - Chicago 2 |
| TOP OF THE 8TH |
|
Kansas City Royals batting - Pitching for Chicago Cubs : RHP Randy Budgell
|
|
Pitching: LHP Mike Alexander
|
|
|
Batting: LHB Mike Meyerhoff
|
0-0: Ball 1-0: Ball 2-0: Called Strike 2-1: Fly out, F6 (Flyball, 6D, EV 91.2 MPH)
|
|
Batting: RHB Mike Jaquez
|
0-0: Foul Ball, location: 2F 0-1: Hit by Pitch
|
|
Batting: LHB Roman Downey
|
0-0: Ball 1-0: Called Strike 1-1: Called Strike 1-2: Foul Ball, location: 2F 1-2: Foul Ball, location: 2F 1-2: Ball 2-2: Ball 3-2: Grounds into double play, 4-6-3 (Groundball, 4, EV 81.2 MPH)
|
| Top of the 8th over - 0 runs, 0 hits, 0 errors, 0 left on base; Kansas City 1 - Chicago 2 |
| BOTTOM OF THE 8TH |
|
Chicago Cubs batting - Pitching for Kansas City Royals : RHP Asa Hahn
|
|
Pitching: RHP David Silva
|
|
|
Batting: RHB Heef Harted
|
0-0: Ground out 3-1 (Groundball, 34S, EV 85.6 MPH)
|
|
Batting: SHB Moe Lester
|
0-0: Called Strike 0-1: Ball 1-1: Ball 2-1: Swinging Strike 2-2: Ball 3-2: Foul Ball, location: 2F 3-2: Foul Ball, location: 2F 3-2: Foul Ball, location: 2F 3-2: Foul Ball, location: 2F 3-2: SINGLE (Groundball, 56, EV 101.2 MPH)
|
|
Batting: RHB Alan Oxenrider
|
0-0: Called Strike 0-1: Ball 1-1: Swinging Strike 1-2: Strikes out swinging
|
|
Batting: SHB Tim Hone
|
0-0: Ball 1-0: Ball 2-0: Ground out U3 (Groundball, 3, EV 86.2 MPH)
|
| Bottom of the 8th over - 0 runs, 1 hit, 0 errors, 1 left on base; Kansas City 1 - Chicago 2 |
| TOP OF THE 9TH |
|
Kansas City Royals batting - Pitching for Chicago Cubs : LHP Mike Alexander
|
|
Pitching: LHP George Poirier
|
|
|
Now at 3B: Adam Kelliher
|
|
|
Batting: SHB Gil Switzer
|
0-0: Called Strike 0-1: Ball 1-1: Ball 2-1: Foul Ball, location: 2F 2-2: Ball 3-2: Foul Ball, location: 2F 3-2: SINGLE (Groundball, 4, EV 104.4 MPH)
|
|
Pinch Hitting: RHB Imbart Faber
|
0-0: Called Strike 0-1: Foul Ball, location: 2F 0-2: Hit by Pitch Gil Switzer to second
|
|
Batting: RHB Mikolas Markus
|
0-0: Foul Ball, location: 2F 0-1: Called Strike 0-2: Ball 1-2: Ball 2-2: Fly out, F9 (Flyball, 9LM, EV 82.5 MPH) Runner from 2nd tags up, SAFE at 3rd with throw by RF
|
|
Pinch Hitting: LHB Bill Baconneck
|
0-0: Ball 1-0: Ball 2-0: Fly out, F8 (Flyball, 89M, EV 75.6 MPH) Runner from 3rd tags up, SCORES, throw by CF
|
|
Batting: SHB Jose Pacheco
|
0-0: Called Strike 0-1: Called Strike 0-2: Ball 1-2: Strikes out swinging
|
| Top of the 9th over - 1 run, 1 hit, 0 errors, 1 left on base; Kansas City 2 - Chicago 2 |
| BOTTOM OF THE 9TH |
|
Chicago Cubs batting - Pitching for Kansas City Royals : RHP David Silva
|
|
Now at 1B: Justin Rupert
|
|
|
Now in LF: Bill Baconneck
|
|
|
Now in CF: Gil Switzer
|
|
|
Batting: RHB Kanehisa Kubo
|
0-0: Called Strike 0-1: SINGLE (Line Drive, 3D, EV 94.4 MPH)
|
|
Batting: LHB Kevin Norton
|
0-0: Sac Bunt to 13S - play at first, batter OUT! 1-3 Kanehisa Kubo to second
|
|
Batting: RHB Yasuhide Kasahara
|
0-0: Intentional Walk
|
|
Batting: RHB Steve Bartman Jr.
|
0-0: Called Strike 0-1: SINGLE (Groundball, 6MD, EV 108.8 MPH) Kanehisa Kubo to third Yasuhide Kasahara to second Runner from 3rd tries for Home, SAFE, throw by CF to home
|
| Bottom of the 9th over - 1 run, 2 hits, 0 errors, 2 left on base; Kansas City 2 - Chicago 3 |
|